 Dungeon Crawl Stone Soup version 0.26-a0-597-gb535b0901c (webtiles) character file.

Game seed: 1759451981941079483

319 kobby the Shield-Bearer (level 6, 0/53 HPs)
             Began as a Gnoll Fighter on Aug 30, 2020.
             Slain by a worker ant (6 damage)
             ... on level 4 of the Dungeon.
             The game lasted 00:05:23 (3165 turns).

kobby the Shield-Bearer (Gnoll Fighter)             Turns: 3165, Time: 00:05:24

Health: 0/53       AC: 10    Str: 20    XL:     6   Next: 45%
Magic:  9/9        EV:  7    Int: 11    God:
Gold:   114        SH: 12    Dex: 14    Spells: 9/9 levels left

rFire    . . .     SeeInvis .   a - +0 war axe
rCold    . . .     Faith    .   c - +1 kite shield
rNeg     . . .     Spirit   .   n - +0 chain mail
rPois    .         Reflect  .   (no helmet)
rElec    .         Harm     .   (no cloak)
rCorr    +                      (no gloves)
MR       .....                  (no boots)
Stlth    ..........             (no amulet)
HPRegen  0.17/turn              t - ring of resist corrosion
MPRegen  0.11/turn              (no ring)

@: brilliant, lethally poisoned (0 -> -19), flying
A: distributed training, fangs 1, strong nose
a: no special abilities


You were on level 4 of the Dungeon.
You visited 1 branch of the dungeon, and saw 4 of its levels.

You collected 114 gold pieces.

Inventory:

Hand Weapons
 a - a +0 war axe (weapon)
Armour
 b - a +0 scale mail
 c - a +1 kite shield (worn)
 n - a +0 chain mail (worn)
Jewellery
 t - a ring of resist corrosion (left hand)
Wands
 s - a wand of acid (6)
Scrolls
 k - a scroll of remove curse
 m - 3 scrolls of fog
 o - 3 scrolls of teleportation
 p - 4 scrolls of identify {unknown}
 q - a scroll of noise
 r - a scroll of enchant weapon {unknown}
 u - a scroll of magic mapping
Potions
 d - a potion of might
 e - a potion of flight
 f - 2 potions of brilliance
 g - 3 potions of curing {unknown}
 h - a potion of lignification {unknown}
 i - a potion of heal wounds {unknown}
 j - a potion of invisibility {unknown}
 l - 2 potions of mutation {unknown}
 v - a potion of degeneration {unknown}


   Skills:
 + Level 6.8 Fighting
 + Level 2.0 Short Blades
 + Level 2.0 Long Blades
 + Level 5.0 Axes
 + Level 2.0 Maces & Flails
 + Level 2.0 Polearms
 + Level 2.0 Staves
 + Level 2.0 Slings
 + Level 2.0 Bows
 + Level 2.0 Crossbows
 + Level 2.0 Throwing
 + Level 6.8 Armour
 + Level 2.0 Dodging
 + Level 2.0 Stealth
 + Level 6.8 Shields
 + Level 2.0 Unarmed Combat
 + Level 2.0 Spellcasting
 + Level 1.5 Conjurations
 + Level 1.5 Hexes
 + Level 1.5 Summonings
 + Level 1.5 Necromancy
 + Level 1.5 Translocations
 + Level 1.5 Transmutations
 + Level 1.5 Fire Magic
 + Level 1.5 Ice Magic
 + Level 1.5 Air Magic
 + Level 1.5 Earth Magic
 + Level 1.5 Poison Magic
 + Level 2.1 Invocations
 + Level 2.0 Evocations


You had 9 spell levels left.
You didn't know any spells.
Your spell library contained the following spells:

 Spells                   Type           Power        Failure   Level
 Animate Skeleton         Necr           #.....       98%         1
 Apportation              Tloc           #.....       98%         1
 Corona                   Hex            #......      98%         1
 Summon Small Mammal      Summ           #...         98%         1


Dungeon Overview and Level Annotations

Branches:
Dungeon (4/15)
 Temple: D:4-7

Altars:
Yredelemnul


Innate Abilities, Weirdness & Mutations

Your experience applies equally to all skills.
You have very sharp teeth.
Your uncanny sense of smell can sniff out nearby items.


Message History

You feel sick.
You feel sick.
You feel sick.
A worker ant comes into view.
You feel sick.
The worker ant twitches its antennae in your direction.
You feel sick.
* * * LOW HITPOINT WARNING * * *
You feel sick.
It was a potion of flight.
You feel very buoyant.
You fly up into the air.
You feel sick. You block the worker ant's attack.
The orc warrior hits you with a +0 short sword of venom.
* * * LOW HITPOINT WARNING * * *
You are more poisoned.
It was a potion of brilliance.
You feel clever all of a sudden.
* * * LOW HITPOINT WARNING * * *
You feel sick. The worker ant bites you.
You die...

#.......................
#...)....#####..........
#.......## ####.......
#..##...# ###..... ..
##oo# ##.... . #..#
#..... #oo# ......# ##o#
.......# #@# ........#
#a.# ........# #....
..... #....# ...### ..##
.## ..


You could see an orc warrior, a worker ant and 4 orcs.

Vanquished Creatures
  A phantom (D:3)
  A scorpion (D:4)
  A worker ant (D:4)
  4 adders (D:2)
  3 oozes
  An adder skeleton (D:4)
  2 worms (D:2)
  2 dart slugs (D:1)
  3 leopard geckos
  9 orcs (D:3)
  5 giant cockroaches
  4 goblins
  9 hobgoblins
  3 jackals (D:1)
  9 kobolds
  A quokka (D:2)
  3 ball pythons
  7 bats
  5 frilled lizards
  11 rats
  A spectral orc (D:3)
85 creatures vanquished.

Notes
Turn   | Place    | Note
-------+----------+-------------------------------------------
     0 | D:1      | kobby the Gnoll Fighter began the quest for the Orb.
     0 | D:1      | Reached XP level 1. HP: 23/23 MP: 1/1
    64 | D:1      | Reached XP level 2. HP: 29/29 MP: 2/2
   267 | D:1      | Reached XP level 3. HP: 35/35 MP: 3/3
   997 | D:2      | Reached skill level 1 in Invocations
  1048 | D:2      | Reached skill level 1 in Short Blades
  1048 | D:2      | Reached skill level 1 in Long Blades
  1048 | D:2      | Reached skill level 1 in Maces & Flails
  1048 | D:2      | Reached skill level 1 in Polearms
  1048 | D:2      | Reached skill level 1 in Staves
  1048 | D:2      | Reached skill level 1 in Slings
  1048 | D:2      | Reached skill level 1 in Bows
  1048 | D:2      | Reached skill level 1 in Crossbows
  1048 | D:2      | Reached skill level 1 in Throwing
  1048 | D:2      | Reached skill level 1 in Dodging
  1048 | D:2      | Reached skill level 1 in Stealth
  1048 | D:2      | Reached skill level 1 in Unarmed Combat
  1048 | D:2      | Reached skill level 1 in Spellcasting
  1048 | D:2      | Reached skill level 1 in Evocations
  1194 | D:2      | Reached XP level 4. HP: 40/41 MP: 5/5
  1580 | D:2      | Reached skill level 1 in Conjurations
  1580 | D:2      | Reached skill level 1 in Hexes
  1580 | D:2      | Reached skill level 1 in Summonings
  1580 | D:2      | Reached skill level 1 in Necromancy
  1580 | D:2      | Reached skill level 1 in Translocations
  1580 | D:2      | Reached skill level 1 in Transmutations
  1580 | D:2      | Reached skill level 1 in Fire Magic
  1580 | D:2      | Reached skill level 1 in Ice Magic
  1580 | D:2      | Reached skill level 1 in Air Magic
  1580 | D:2      | Reached skill level 1 in Earth Magic
  1580 | D:2      | Reached skill level 1 in Poison Magic
  1751 | D:2      | Reached XP level 5. HP: 47/47 MP: 6/6
  2043 | D:3      | Noticed a phantom
  2093 | D:3      | Killed a phantom
  2377 | D:3      | Reached XP level 6. HP: 53/53 MP: 8/8
  2770 | D:3      | Found a basalt altar of Yredelemnul.
  3027 | D:4      | Reached skill level 5 in Axes
  3147 | D:4      | Noticed an orc warrior
  3165 | D:4      | Slain by a worker ant

Illustrated notes

Levels and vault maps discovered:
D:1:      tarquinn_simple_flora_water_b, layout_basic
D:2:      minmay_razor_zed, layout_loops_ring, grunt_decor_mini_mirrors,
          minmay_misc_feat_hallway
D:3:      layout_basic, yredelemnul_forgotten_temple_becter,
          minmay_misc_feat_cross
D:4:      layout_layer_cave, amethyst_overflow_temple_binary,
          grunt_ministairs_2, uniq_grinder

Skill      XL: |  1  2  3  4  5  6 |
---------------+-------------------+-----
Invocations    | 1 2 |  2.1
Short Blades   | 1 2 |  2.0
Long Blades    | 1 2 |  2.0
Maces & Flails | 1 2 |  2.0
Polearms       | 1 2 |  2.0
Staves         | 1 2 |  2.0
Slings         | 1 2 |  2.0
Bows           | 1 2 |  2.0
Crossbows      | 1 2 |  2.0
Throwing       | 1 2 |  2.0
Dodging        | 1 2 |  2.0
Stealth        | 1 2 |  2.0
Unarmed Combat | 1 2 |  2.0
Spellcasting   | 1 2 |  2.0
Evocations     | 1 2 |  2.0
Conjurations   | 1 |  1.5
Hexes          | 1 |  1.5
Summonings     | 1 |  1.5
Necromancy     | 1 |  1.5
Translocations | 1 |  1.5
Transmutations | 1 |  1.5
Fire Magic     | 1 |  1.5
Ice Magic      | 1 |  1.5
Air Magic      | 1 |  1.5
Earth Magic    | 1 |  1.5
Poison Magic   | 1 |  1.5
Axes           | 5 |  5.0
Fighting       | |  6.8
Armour         | |  6.8
Shields        | |  6.8

Action                   |  1- 3 |  4- 6 || total
-------------------------+-------+-------++-------
Melee: War axe           |    98 |   169 ||   267
       Bite              |     7 |    12 ||    19
  Use: Scroll            |       |     8 ||     8
       Potion            |       |     2 ||     2
 Stab: Distracted        |     1 |       ||     1
Armor: Scale mail        |    63 |       ||    63
       Chain mail        |       |    64 ||    64
Dodge: Dodged            |    24 |    38 ||    62
Block: Kite shield       |    52 |   107 ||   159

Table legend: (Time is in decaauts)
 A = Elapsed time spent in this place.
 B = Non-inter-level travel time spent in this place.
 C = Inter-level travel time spent in this place.
 D = Time resting spent in this place.
 E = Time spent auto-exploring this place.
 F = Levels seen in this place.
 G = Mean time per level.
                   A        B        C        D        E       F      G
               +--------+--------+--------+--------+--------+-----+--------+
         Total |   3251 |   3198 |     53 |     96 |   2331 |   4 |  812.8 |
       Dungeon |   3251 |   3198 |     53 |     96 |   2331 |   4 |  812.8 |
               +--------+--------+--------+--------+--------+-----+--------+

Top non-repeatable levels by time:
     D:2: 1019 daAuts
     D:1: 1012 daAuts
     D:3: 859 daAuts
     D:4: 360 daAuts
